 Dungeon Crawl Stone Soup version 0.28.0 (webtiles) character file.

Game seed: 9729786273046773141

483 GrayStillPlays the Transmogrifier (level 7, 0/48 HPs)
             Began as a Merfolk Transmuter on Feb 7, 2022.
             Was an Initiate of Ashenzari.
             Succumbed to a killer bee's poison
             ... on level 4 of the Dungeon.
             The game lasted 00:16:14 (4975 turns).

GrayStillPlays the Transmogrifier (MfTm)            Turns: 4975, Time: 00:16:14

Health: 0/48       AC:  4    Str: 10    XL:     7   Next: 12%
Magic:  17/19      EV: 14    Int: 14    God:    Ashenzari [......]
Gold:   198        SH:  0    Dex: 15    Spells: 4/10 levels left

rFire   . . .      SeeInvis .   m - +4 short sword {short}
rCold   . . .      Faith    .   (no shield)
rNeg    . . .      Spirit   .   a - +0 robe
rPois   .          Reflect  .   (no helmet)
rElec   .          Harm     .   (no cloak)
rCorr   .          Rampage  .   l - +0 pair of gloves
Will    .....                   f - +0 pair of boots
Stlth   +.........              (no amulet)
HPRegen 0.16/turn               j - ring of magical power
MPRegen 0.16/turn               (no ring)

@: lethally poisoned (0 -> -1)
A: (nimble swimmer 2), mertail
a: Renounce Religion, Curse Item


You were on level 4 of the Dungeon.
You worshipped Ashenzari.
Ashenzari was noncommittal.
You visited 1 branch of the dungeon, and saw 4 of its levels.

You collected 198 gold pieces.


Innate Abilities, Weirdness & Mutations

((You are very nimble when in or above water. (Stealth+, EV+, Speed+++)))
Your lower body shifts to a powerful aquatic tail in water.


   Skills:
 - Level 1.1 Fighting
 - Level 4.4 Dodging
 - Level 3.2 Unarmed Combat
 - Level 2.0 Spellcasting
 * Level 8.2 Transmutations
 - Level 3.0 Poison Magic


You had 4 spell levels left.
You knew the following spells:

 Your Spells              Type           Power      Damage    Failure   Level
a - Beastly Appendage     Tmut           48%        N/A       1%          1
b - Spider Form           Tmut/Pois      17%        N/A       7%          3
c - Wereblood             Tmut           24%        N/A       1%          2

Your spell library contained the following spells:

 Spells                   Type           Power      Damage    Failure   Level
 Ice Form                 Ice/Tmut       12%        N/A       41%         4

Inventory:

Hand Weapons
 m - a +4 short sword (weapon) {short}
   (You took it off a kobold on level 2 of the Dungeon)
 r - a +1 spear of freezing {polearm}
   (You found it on level 3 of the Dungeon)
Missiles
 b - 13 stones {throwing}
 d - 23 arrows
 i - 3 boomerangs of dispersal {=f!fthrowing}
 k - 22 bolts
 t - 8 poisoned darts {throwing}
Armour
 a - a +0 robe (worn)
 f - a +0 pair of boots (worn)
   (You found it on level 4 of the Dungeon)
 l - a +0 pair of gloves (worn)
   (You found it on level 2 of the Dungeon)
Jewellery
 j - a ring of magical power (left hand)
   (You found it on level 4 of the Dungeon)
Scrolls
 c - 2 scrolls of blinking {unknown}
 e - a scroll of magic mapping {unknown}
 g - a scroll of amnesia {unknown}
 h - a scroll of enchant weapon {unknown}
 o - 2 scrolls of summoning
 p - 2 scrolls of teleportation {@r4}
 q - a scroll of enchant armour {unknown}
 s - a scroll of vulnerability {unknown}

Dungeon Overview and Level Annotations

Branches:
Dungeon (4/15)
 Temple: D:4-7

Altars:
Ashenzari
Elyvilon
Hepliaklqana
Okawaru
Ru
Sif Muna
Trog

)......................###
.......................#
.......................#
.......................#
.......................##########
###'#################...........#
.#...........โ€
......#...........#
.#..........โ€
#......#...........#
.'...........#..@...#...........#
.#...........#....!.#...........#
################...##...........#
...............#####.....########
...............# #.....#.....#
......)........# #.....#.....#
...............# #.....'.....#
...............# #.....#.....#
...............# #.รท...#>....#


There were no monsters in sight!


Message History

You are poisoned.
The killer bee poisons you! ๐Ÿ˜• HP[-3]
You take 3 damage, and now have 40/43 hp.
You barely miss the killer bee.
You feel very sick.
The killer bee barely misses you. x2; The killer bee misses you.
The killer bee stings you! ๐Ÿ˜ฎ HP[-11]
You take 11 damage, and now have 29/43 hp.
MASSIVE DAMAGE!! (PAUSE)
You hit the killer bee.
The killer bee is poisoned.
You feel very sick. The killer bee misses you.
The killer bee closely misses you.
The killer bee stings you but does no damage.
The killer bee completely misses you. ๐Ÿ˜ฎ HP[-2]
You take 2 damage, and now have 27/43 hp.
You hit the killer bee but do no damage.
The killer bee looks as sick as possible!
You feel sick.
You kill the killer bee!
The killer bee closely misses you. The killer bee completely misses you.
The killer bee misses you. ๐Ÿ˜ฎ HP[-1]
You take 1 damage, and now have 26/43 hp.
You hit the killer bee.
The killer bee is poisoned.
You feel sick. The killer bee misses you. The killer bee completely misses you.
The killer bee barely misses you. x2 ๐Ÿ˜ฎ HP[-2]
You take 2 damage, and now have 24/43 hp.
You hit the killer bee.
You feel sick. The killer bee misses you. The killer bee completely misses you.
The killer bee closely misses you. The killer bee stings you.
* * * LOW HITPOINT WARNING * * *
You are more poisoned.
The killer bee poisons you! ๐Ÿ˜จ HP[-3] MP[+1]
You take 3 damage, and now have 21/43 hp.
You bite the killer bee!
You kill the killer bee!
You feel very sick. The killer bee stings you.
* * * LOW HITPOINT WARNING * * *
The killer bee completely misses you.
You have reached level 7! ๐Ÿ˜จ HP[-4]
You now have 48 max hp (+5).
You hit the killer bee.
The killer bee is poisoned.
You feel very sick. The killer bee completely misses you.
The killer bee barely misses you. ๐Ÿ˜จ HP[-3]
You take 3 damage, and now have 14/48 hp.
You barely miss the killer bee.
You feel sick. The killer bee stings you.
* * * LOW HITPOINT WARNING * * *
๐Ÿ˜ฑ HP[-6]
You take 6 damage, and now have 8/48 hp.
You hit the killer bee.
The killer bee looks as sick as possible!
* * * LOW HITPOINT WARNING * * *
You feel sick.
You kill the killer bee!
Your Transmutations skill increases to level 8! ๐Ÿ˜ฑ HP[-2]
You take 2 damage, and now have 6/48 hp.
It was a potion of flight.
You feel very buoyant.
You fly up into the air.
* * * LOW HITPOINT WARNING * * *
You feel sick. ๐Ÿ˜ฑ HP[-1]
You take 1 damage, and now have 5/48 hp.
* * * LOW HITPOINT WARNING * * *
You feel sick.
There is an open door here.
Things that are here:
a killer bee corpse; a killer bee corpse ๐Ÿ˜ฑ HP[-1] MP[+1]
You take 1 damage, and now have 4/48 hp.
* * * LOW HITPOINT WARNING * * *
You feel sick. ๐Ÿ˜ฑ HP[-1]
You take 1 damage, and now have 3/48 hp.
Your transformation is almost over.
* * * LOW HITPOINT WARNING * * *
You feel sick. ๐Ÿ˜ฑ HP[-1]
You take 1 damage, and now have 2/48 hp.
Your magical effects are unravelling.
You feel magically purged.
Your transformation has ended.
Your +4 short sword {short} unmelds from your body.
Your +0 pair of gloves unmelds from your body.
Your +0 pair of boots unmelds from your body.
Your +0 robe unmelds from your body.
You float gracefully downwards.
* * * LOW HITPOINT WARNING * * *
You feel sick. ๐Ÿ˜ฑ HP[-1]
You take 1 damage, and now have 1/48 hp.
You die...

Skill      XL: |  1  2  3  4  5  6  7 |
---------------+----------------------+-----
Dodging        | 3 4 |  4.4
Transmutations | 3 4 5 7 8 |  8.2
Poison Magic   | 3 |  3.0
Fighting       | |  1.1
Unarmed Combat | |  3.2
Spellcasting   | |  2.0

Action                   |  1- 3 |  4- 6 |  7- 9 || total
-------------------------+-------+-------+-------++-------
Melee: Unarmed           |    50 |    21 |     3 ||    74
       Headbutt          |    15 |     9 |       ||    24
       Hand axe          |    32 |    27 |       ||    59
       Punch             |     2 |     2 |       ||     4
       Short sword       |       |   113 |       ||   113
 Cast: Beastly Appendage |    22 |    18 |       ||    40
       Spider Form       |       |     8 |       ||     8
       Wereblood         |       |     1 |       ||     1
  Use: Scroll            |       |     3 |       ||     3
       Potion            |       |       |     2 ||     2
 Stab: Sleeping          |       |     1 |       ||     1
Armor: Robe              |    14 |    24 |       ||    38
       Skin              |       |     2 |       ||     2
Dodge: Dodged            |    58 |   145 |     2 ||   205

Levels and vault maps discovered:
D:1:      roderic_crop_circles_arrival_small, layout_rooms,
          chequers_ecumenical_altar_simple_redux, minmay_misc_feat_tiny
D:2:      layout_loops_ring, minmay_goblin_kobold_house
D:3:      layout_basic, mainiacjoe_overflow_small_starburst,
          nicolae_ashenzari_panopticon, mainiacjoe_overflow_paths
D:4:      layout_gridville, minitemple

Notes
Turn   | Place    | Note
-------+----------+-------------------------------------------
     0 | D:1      | GrayStillPlays the Merfolk Transmuter began the quest for
                  | the Orb.
     0 | D:1      | Reached XP level 1. HP: 15/15 MP: 3/3
     0 | D:1      | magus.rc [v1.9.6]
   254 | D:1      | Reached skill level 3 in Dodging
   254 | D:1      | Reached skill level 3 in Transmutations
   296 | D:1      | Reached XP level 2. HP: 16/21 MP: 3/5
   488 | D:1      | Reached XP level 3. HP: 26/26 MP: 3/6
   823 | D:1      | Found a faded altar of an unknown god.
   842 | D:1      | Reached skill level 4 in Transmutations
  1010 | D:2      | Reached skill level 4 in Dodging
  1575 | D:2      | Reached XP level 4. HP: 32/32 MP: 7/7
  1725 | D:2      | Learned a level 3 spell: Spider Form
  2031 | D:2      | Reached skill level 1 in Poison Magic
  2464 | D:3      | Reached skill level 2 in Poison Magic
  2572 | D:3      | Found a broken altar of Ashenzari.
  2757 | D:3      | Reached skill level 3 in Poison Magic
  2757 | D:3      | Reached XP level 5. HP: 32/37 MP: 8/8
  2870 | D:3      | Found a bloodstained altar of Trog.
  2991 | D:3      | Became a worshipper of Ashenzari the Shackled
  3337 | D:3      | Found a hazy altar of Hepliaklqana.
  3608 | D:3      | Reached skill level 5 in Transmutations
  3959 | D:4      | Reached XP level 6. HP: 38/43 MP: 9/9
  4028 | D:4      | Found a sacrificial altar of Ru.
  4103 | D:4      | Reached skill level 6 in Transmutations
  4194 | D:4      | Noticed a black bear
  4562 | D:4      | Killed a black bear
  4563 | D:4      | Reached skill level 7 in Transmutations
  4608 | D:4      | Learned a level 2 spell: Wereblood
  4733 | D:4      | Found a white marble altar of Elyvilon.
  4734 | D:4      | Found an iron altar of Okawaru.
  4738 | D:4      | Found a shimmering blue altar of Sif Muna.
  4967 | D:4      | Reached XP level 7. HP: 17/48 MP: 10/10
  4968 | D:4      | HP: 12/48 [poisoned by a killer bee]
  4970 | D:4      | Reached skill level 8 in Transmutations
  4970 | D:4      | HP: 5/48 [poisoned by a killer bee]
  4973 | D:4      | HP: 2/48 [poisoned by a killer bee]
  4975 | D:4      | Succumbed to a killer bee's poison

Vanquished Creatures
  A black bear (D:4)
  3 killer bees (D:4)
  A bullfrog zombie (D:3)
  A hound (D:3)
  An iguana (D:4)
  A hound skeleton (D:4)
  A gnoll (D:1)
  8 adders
  2 adder skeletons (D:4)
  2 worms (D:2)
  A dart slug (D:1)
  9 endoplasms
  A giant cockroach (D:1)
  4 goblins
  5 hobgoblins
  4 jackals
  15 kobolds
  5 quokkas
  3 ball pythons
  6 bats
  4 frilled lizards
  5 rats
83 creatures vanquished.

Vanquished Creatures (others)
  78 plants (D:1)
78 creatures vanquished.

Grand Total: 161 creatures vanquished

Table legend:
 A = Non-vault XP
 B = Vault XP
 C = Vault XP percentage of total XP
 D = Non-vault monster count
 E = Vault monster count
 F = Vault count percentage of total count
                 A         B        C        D         E       F
            +---------+---------+-------+---------+---------+-------
      Total |     685 |       5 |   0.7 |      80 |       3 |   3.6
            +---------+---------+-------+---------+---------+-------
        D:1 |      51 |       0 |   0.0 |      22 |       0 |   0.0
        D:2 |      90 |       5 |   5.3 |      22 |       3 |  12.0
        D:3 |     115 |       0 |   0.0 |      13 |       0 |   0.0
        D:4 |     429 |       0 |   0.0 |      23 |       0 |   0.0
            +---------+---------+-------+---------+---------+-------

Illustrated notes

Table legend:
 A = Kills in this place as a percentage of kills in entire the game.
 B = Kills by you in this place as a percentage of kills by you in the entire game.
 C = Kills by friends in this place as a percentage of kills by friends in the entire game.
 D = Other kills in this place as a percentage of other kills in the entire game.
 E = Experience gained in this place as a percentage of experience gained in the entire game.
 F = Experience gained in this place divided by the number of levels of this place that you have seen.
                   A       B       C       D       E      F
               +-------+-------+-------+-------+-------+----------------------
         Total | 100.0 | 100.0 |   N/A |   N/A | 100.0 | 172.5
       Dungeon | 100.0 | 100.0 |   N/A |   N/A | 100.0 | 172.5
               +-------+-------+-------+-------+-------+----------------------

Table legend: (Time is in decaauts)
 A = Elapsed time spent in this place.
 B = Non-inter-level travel time spent in this place.
 C = Inter-level travel time spent in this place.
 D = Time resting spent in this place.
 E = Time spent auto-exploring this place.
 F = Levels seen in this place.
 G = Mean time per level.
                   A        B        C        D        E       F      G
               +--------+--------+--------+--------+--------+-----+--------+
         Total |   4996 |   4884 |    112 |    505 |   3097 |   4 | 1249.0 |
       Dungeon |   4996 |   4884 |    112 |    505 |   3097 |   4 | 1249.0 |
               +--------+--------+--------+--------+--------+-----+--------+

Top non-repeatable levels by time:
     D:2: 1488 daAuts
     D:4: 1429 daAuts
     D:3: 1102 daAuts
     D:1: 975 daAuts
